Construct Section Command Post
Selects Air and Sea Battlegroup
Construct Field Infirmary
Selects Commando Section Paradrop
Selects Commando Support Section Paradrop
Commando Section Paradrop
Construct Platoon Command Post
Commando Section Paradrop
Commando Section Paradrop
Commando Support Section Paradrop
Selects Incendiary Bombing Run
Selects Incendiary Bombing Run
Commando Section Paradrop
Construct Company Command Post
Commando Section Paradrop
Unlock M3 Grant Medium Tanks
Selects Naval Bombardment